 Dungeon Crawl Stone Soup version 0.21.0-3-g78d12a8 (webtiles) character file.

141 raph the Chiller (level 5, -2/38 HPs)
             Began as a Human Ice Elementalist on Jan 8, 2018.
             Killed by nerve-wracking pain
             ... invoked by Jessica
              (10 damage)
             ... on level 3 of the Dungeon.
             The game lasted 00:05:55 (3385 turns).

raph the Chiller (Human Ice Elementalist)           Turns: 3385, Time: 00:05:56

Health: -2/38      AC:  2    Str:  8    XL:     5   Next: 48%
Magic:  6/9        EV: 12    Int: 16    God:
Gold:   166        SH:  0    Dex: 14    Spells: 3/9 levels left

rFire    . . .     SeeInvis +   j - +0 flail (protect)
rCold    . . .     Gourm    .   (no shield)
rNeg     . . .     Faith    .   a - +0 robe
rPois    .         Spirit   .   (no helmet)
rElec    .         Reflect  .   (no cloak)
rCorr    .         Harm     .   (no gloves)
MR       .....                  (no boots)
Stlth    ++........             (no amulet)
HPRegen  0.12/turn              k - ring of see invisible
MPRegen  0.11/turn              (no ring)

@: lethally poisoned (-2 -> -3)
A: no striking features
a: no special abilities


You were on level 3 of the Dungeon.
You were not hungry.

You visited 1 branch of the dungeon, and saw 3 of its levels.

You collected 166 gold pieces.

Inventory:

Hand Weapons
 e - a +0 short sword
 j - a +0 flail of protection (weapon)
Armour
 a - a +0 robe (worn)
Jewellery
 k - a ring of see invisible (left hand)
 p - an uncursed amulet of guardian spirit {unknown}
Scrolls
 d - 4 scrolls of teleportation {unknown}
 f - a scroll of magic mapping {unknown}
 g - 2 scrolls of identify {unknown}
 h - a scroll of blinking {unknown}
 o - a scroll of fear {unknown}
Potions
 l - 2 potions of curing {unknown}
 m - 2 potions of magic {unknown}
 n - a potion of invisibility {unknown}
Books
 b - a book of Frost

   Spells                             Type                      Level
   a - Freeze                         Ice                          1
   b - Throw Frost                    Conjuration/Ice              2
   c - Ozocubu's Armour               Charms/Ice                   3
   d - Throw Icicle                   Conjuration/Ice              4
   e - Summon Ice Beast               Ice/Summoning                4
Comestibles
 c - 9 rations
 i - 4 chunks of flesh


   Skills:
 + Level 1.8 Fighting
 - Level 2.2 Dodging
 - Level 2.2 Stealth
 + Level 2.7 Spellcasting
 - Level 1.0 Conjurations
 + Level 1.4 Charms
 * Level 4.3 Ice Magic


You had 3 spell levels left.
You knew the following spells:

 Your Spells              Type           Power        Failure   Level  Hunger
a - Freeze                Ice            ###.         3%          1    #......
b - Throw Frost           Conj/Ice       ##....       10%         2    ##.....
c - Ozocubu's Armour      Chrm/Ice       ##......     19%         3    ###....


Dungeon Overview and Level Annotations

Branches:
Dungeon (3/15)

Altars:
Gozag
Qazlal
Zin

Annotations:
D:3 Jessica


Message History

You feel sick. Jessica gestures at you while chanting.
Pain shoots through your body!
The leopard gecko hisses menacingly.
Jessica mumbles some strange words.
Jessica blinks!
You feel sick.
Casting: Freeze
Confirm with . or Enter, or press ? or * to list all spells.
Aiming: Freeze
Press: ? - help, Shift-Dir - straight line, f - Jessica
Aim: Jessica, wearing a robe (fast)
You freeze Jessica.
Jessica is almost dead.
Jessica casts a spell at you. Pain shoots through your body!
* * * LOW HITPOINT WARNING * * *
Jessica gestures at you while chanting. Pain shoots through your body!
You die...

#.............##
!...#.#.#.#.#.#
##............#
....#.#.#.#.#.#
#...w.......#..
#####.#.#.#†#......
#.@........)....# .#
#.####.###†.#..... ....
#...@@.# #.#######
.#.#.#..##..###..........#
.....#..###.##...........#
#.#.#.(.......#)#.........#
..............#.#.........#
#.#.#.........#.#...##.....
..............#.##......#
#####.....#####.#.......#
##....#.....##.<....# .


You could see Jessica.

Vanquished Creatures
  A worker ant (D:3)
  3 gnolls (D:2)
  3 adders
  A worm (D:2)
  4 dart slugs
  An orc (D:3)
  A giant cockroach (D:1)
  7 goblins
  3 hobgoblins (D:1)
  3 jackals (D:1)
  A quokka (D:2)
  A ball python (D:3)
  7 bats
  2 frilled lizards
  10 kobolds
  6 rats
54 creatures vanquished.

Notes
Turn   | Place    | Note
-------+----------+-------------------------------------------
     0 | D:1      | raph the Human Ice Elementalist began the quest for the Orb.
     0 | D:1      | Reached XP level 1. HP: 13/13 MP: 3/3
   346 | D:1      | Reached XP level 2. HP: 17/19 MP: 0/5
  1040 | D:1      | Reached XP level 3. HP: 15/25 MP: 6/6
  1200 | D:1      | Reached skill level 1 in Fighting
  1421 | D:1      | Learned a level 2 spell: Throw Frost
  1425 | D:1      | Learned a level 3 spell: Ozocubu's Armour
  1994 | D:2      | Found an opulent altar of Gozag.
  2017 | D:2      | Reached XP level 4. HP: 21/32 MP: 0/7
  2456 | D:2      | Found a glowing silver altar of Zin.
  2605 | D:2      | Found a stormy altar of Qazlal.
  2609 | D:2      | Reached skill level 4 in Ice Magic
  2772 | D:2      | Reached skill level 1 in Charms
  3195 | D:3      | Reached XP level 5. HP: 33/37 MP: 5/8
  3373 | D:3      | Noticed Jessica
  3385 | D:3      | Killed from afar by Jessica

Skill      XL: |  1  2  3  4 |
---------------+-------------+-----
Fighting       | 1 |  1.8
Ice Magic      | 4 |  4.3
Charms         | 1 |  1.4
Dodging        | |  2.2
Stealth        | |  2.2
Spellcasting   | |  2.7
Conjurations   | |  1.0

Action                   |  1- 3 |  4- 6 || total
-------------------------+-------+-------++-------
Melee: Short sword       |    57 |    15 ||    72
       Flail             |       |    27 ||    27
 Cast: Freeze            |    38 |    28 ||    66
       Throw Frost       |     1 |     3 ||     4
  Use: Potion            |       |     1 ||     1
 Stab: Sleeping          |     2 |       ||     2
  Eat: Chunk             |     3 |     2 ||     5
       Ration            |       |     1 ||     1
Armor: Robe              |    13 |    14 ||    27
Dodge: Dodged            |    63 |    37 ||   100
